 Dungeon Crawl Stone Soup version 0.19-a0-981-gaae9137 (webtiles) character file.

50 Rainbowgamer28 the Skirmisher (level 3, -4/34 HPs)
             Began as a Deep Dwarf Wanderer on July 11, 2016.
             Slain by a worm (11 damage)
             ... on level 2 of the Dungeon on July 14, 2016.
             The game lasted 00:13:55 (1138 turns).

Rainbowgamer28 the Skirmisher (Deep Dwarf Wanderer) Turns: 1138, Time: 00:13:56

Health: -4/34      AC:  2    Str: 16    XL:     3   Next: 55%
Magic:  4/4        EV: 11    Int: 10    God:
Gold:   49         SH:  0    Dex: 14    Spells: 0 memorised, 4 levels left

rFire  . . .     SeeInvis .     k - -2 whip (curse)
rCold  . . .     Gourm    .     e - +0 robe
rNeg   . . .     Faith    .     (no shield)
rPois  .         Spirit   .     (no helmet)
rElec  .         Dismiss  .     (no cloak)
rCorr  .         Reflect  .     (no gloves)
SustAt .         Harm     .     (no boots)
MR     .....                    (no amulet)
Stlth  ++........               (no ring)
                                (no ring)

@: non-regenerating, not resistant to hostile enchantments, unstealthy
A: damage resistance, recharge devices, sense surroundings 1, slow regeneration
3
a: Device Recharging


You were on level 2 of the Dungeon.
You were hungry.

You visited 1 branch of the dungeon, and saw 2 of its levels.

You collected 49 gold pieces.

Inventory:

Hand Weapons
 a - a +2 dagger
 k - a cursed -2 whip (weapon)
 m - a +0 spear of freezing
Armour
 e - a +0 robe (worn)
Wands
 f - a wand of heal wounds (2/9)
Scrolls
 h - a scroll of recharging
 j - a scroll of identify
Potions
 b - a potion of haste
 i - a potion of lignification {unknown}
 l - a potion of cancellation {unknown}
 n - a potion of agility {unknown}
 o - a potion of curing {unknown}
Books
 c - Motuwn's Reference Book on Translocation

   Spells                             Type                      Level
   a - Apportation                    Translocation                1
   b - Gell's Gravitas                Hexes/Translocation          3
 d - the Papyrus of Poisoning

   Spells                             Type                      Level
   a - Sting                          Conjuration/Poison           1
   b - Spider Form                    Transmutation/Poison         3
Comestibles
 g - a bread ration
 p - a beef jerky


   Skills:
 + Level 3.6 Fighting
   Level 1.1 Axes
 - Level 2.1 Armour
 - Level 1.2 Stealth
 - Level 1.0 Spellcasting
   Level 1.3 Earth Magic
   Level 1.0 Poison Magic
 - Level 1.3 Evocations


You had 4 spell levels left.
You didn't know any spells.

Dungeon Overview and Level Annotations

Branches:
Dungeon (2/15)

Altars:
Okawaru


Innate Abilities, Weirdness & Mutations

You are resistant to damage.
You can recharge devices by infusing magical energy.
You passively map a small area around you.
You do not regenerate naturally.


Message History

The worm is moderately wounded.
The worm misses you.
You hit the worm.
The worm is moderately wounded.
The worm bites you but does no damage.
You hit the worm.
The worm is heavily wounded.
You hit the worm but do no damage.
The worm is heavily wounded.
The worm bites you but does no damage.
You hit the worm.
The worm is heavily wounded.
You hit the worm.
The worm is heavily wounded.
The worm bites you!
* * * LOW HITPOINT WARNING * * *
You hit the worm.
The worm is heavily wounded.
The worm bites you!
You die...

#######..####.##...### * ,
,+..................... .
#######..##......#)).)
...#######..##.....##.._.
, ..>.........+......#...)
###.##.###..##...........
* ,
.....(.....####+##...###
#.##.###.#####.##....#. *
#....w@................
......#.###.######.#####.#
, ..... #.#*#.# #..# .#
.........##.# ##.## #.#
.........##)#######..###.#
#........##.#.............
#........##.#.######..##..
#........# ..,.........#.#
, .#####.((# #######..#<.


You could see a worm.

Vanquished Creatures
  Natasha (D:2)
  A dart slug (D:1)
  A giant cockroach (D:1)
  2 goblins (D:1)
  A hobgoblin (D:2)
  4 jackals (D:1)
  5 kobolds
  A ball python (D:1)
  4 bats (D:1)
  A giant newt (D:1)
  5 rats (D:1)
26 creatures vanquished.

Notes
Turn   | Place    | Note
-------+----------+-------------------------------------------
     0 | D:1      | Rainbowgamer28 the Deep Dwarf Wanderer began the quest for the Orb.
     0 | D:1      | Rainbowgamer28 set off with: a +2 dagger, a potion of haste, Motuwn's Reference Book on Translocation, the Papyrus of Poisoning, a +0 robe, a wand of heal wounds (5/9), a bread ration
     0 | D:1      | Reached XP level 1. HP: 19/19 MP: 2/2
     0 | D:1      | Identified Motuwn's Reference Book on Translocation
     0 | D:1      | Identified the Papyrus of Poisoning
    71 | D:1      | Reached skill level 2 in Fighting
   131 | D:1      | Upgraded the game from 0.19-a0-958-gd69d43c to 0.19-a0-981-gaae9137
   151 | D:1      | Reached XP level 2. HP: 19/27 MP: 3/3
   572 | D:1      | Reached skill level 3 in Fighting
  1039 | D:2      | Found an iron altar of Okawaru.
  1047 | D:2      | Noticed Natasha
  1067 | D:2      | Killed Natasha
  1067 | D:2      | Reached XP level 3. HP: 18/34 MP: 4/4
  1138 | D:2      | Slain by a worm

Vault maps used:
D:1:      tarquinn_simple_flora_water_a
D:2:      grunt_pakellas_sulfur, okawaru_ov_weapons_minmay, uniq_natasha

Skill      XL: |  1  2 |
---------------+-------+-----
Fighting       | 2 3 |  3.6
Axes           | |  1.1
Armour         | |  2.1
Stealth        | |  1.2
Spellcasting   | |  1.0
Earth Magic    | |  1.3
Poison Magic   | |  1.0
Evocations     | |  1.3

Action                   || total
-------------------------++-------
Melee: Dagger            ||    54
       Whip              ||    69
Throw: Tomahawk          ||    15
Evoke: Wand              ||     3
  Use: Scroll            ||     1
Armor: Robe              ||    41
Dodge: Dodged            ||    96
